 Dungeon Crawl Stone Soup version 0.28.0-45-g0d030f2227 (webtiles) character file.

Game seed: 8413485579565512913

62 Icepheonix32 the Skirmisher (level 3, 0/30 HPs)
             Began as a Demonspawn Fighter on Apr 8, 2022.
             Slain by a white imp (2 damage)
             ... summoned by Natasha
             ... on level 2 of the Dungeon.
             The game lasted 00:01:09 (1068 turns).

Icepheonix32 the Skirmisher (Demonspawn Fighter)    Turns: 1068, Time: 00:01:09

Health: 0/30       AC:  6    Str: 18    XL:     3   Next: 85%
Magic:  3/3        EV:  9    Int:  9    God:
Gold:   11         SH:  8    Dex: 12    Spells: 2/2 levels left

rFire   . . .      SeeInvis .   a - +0 long sword
rCold   . . .      Faith    .   c - +0 buckler
rNeg    . . .      Spirit   .   b - +0 scale mail
rPois   .          Reflect  .   (no helmet)
rElec   .          Harm     .   (no cloak)
rCorr   .          Rampage  .   (no gloves)
Will    .....                   (no boots)
Stlth   ..........              (no amulet)
HPRegen 0.10/turn               (no ring)
MPRegen 0.08/turn               (no ring)

@: slowed, very slow
A: condensation shield, weakness stinger 1
a: no special abilities


You were on level 2 of the Dungeon.
You visited 1 branch of the dungeon, and saw 2 of its levels.

You collected 11 gold pieces.

Inventory:

Hand Weapons
 a - a +0 long sword (weapon)
Armour
 b - a +0 scale mail (worn)
 c - a +0 buckler (worn)
Jewellery
 j - a ring of resist corrosion
Scrolls
 f - a scroll of enchant armour {unknown}
 g - 2 scrolls of noise {unknown}
 h - a scroll of identify {unknown}
 i - 3 scrolls of immolation {unknown}
 k - a scroll of vulnerability {unknown}


   Skills:
 * Level 3.7 Fighting
 - Level 2.0 Long Blades
 + Level 3.2 Armour
 + Level 0.1 Dodging
 * Level 3.2 Shields


You had 2 spell levels left.
You didn't know any spells.
Your spell library contained the following spells:

 Spells                   Type           Power      Damage    Failure   Level
 Sandblast                Erth           0%         2d4       86%         1
 Passwall                 Tmut/Erth      0%         N/A       94%         2
 Stone Arrow              Conj/Erth      0%         3d7       99%         3


Dungeon Overview and Level Annotations

Branches:
Dungeon (2/15)

Altars:

Annotations:
D:2 Natasha


Innate Abilities, Weirdness & Mutations

A meltable shield of frost defends you. (SH +4)
You have a small tail.


Message History

Natasha hisses angrily.
Natasha casts a spell at you.
You feel yourself slow down.
Natasha casts a spell.
You block Natasha's attack.
The white imp shouts, "Take thy face hence, thou beslubbering limp-willed cross-patch!"
You block Natasha's attack.
You barely miss Natasha.
Your tail-slap misses Natasha.
You block the white imp's attack. Natasha claws you.
The white imp hits you but does no damage.
Natasha wildly gestures.
Natasha's front paws start to glow.
Natasha claws you but does no damage.
You closely miss Natasha.
You tail-slap Natasha, but do no damage.
The white imp hits you but does no damage.
You block Natasha's attack. The white imp barely misses you. Natasha claws you.
You hit Natasha but do no damage. The white imp gestures at you.
The puff of frost hits you. Natasha barely misses you.
You block the white imp's attack.
Natasha mumbles some strange words.
You closely miss Natasha.
The white imp hits you but does no damage.
Natasha casts a spell.
Natasha casts a spell at you. You resist with significant effort.
You closely miss Natasha. The white imp hits you. The white imp freezes you.
The shadow imp grinds its teeth.
Natasha barely misses you. The white imp barely misses you.
The white imp closely misses you. The shadow imp barely misses you.
Natasha claws you!
* * * LOW HITPOINT WARNING * * *
You miss Natasha. The white imp gestures at you. The puff of frost hits you.
* * * LOW HITPOINT WARNING * * *
The white imp hits you.
* * * LOW HITPOINT WARNING * * *
The white imp freezes you.
You die...

....# #......# ###.#
#......# .# # #.#
#.#...## .# # #.#
#.##.####.# # ###.###
#. #†##...##.# .
........ #.##........
#######...##†##...##.#
#....)....55...#
#..........@h...#
...#.###....5......
##.............####
..#..##.......# #.###
..........# #.
.##........# .
########.# .#


You could see Natasha, 2 white imps and a shadow imp (summoned).

Vanquished Creatures
  Natasha (D:2)
  A gnoll (D:1)
  A dart slug (D:1)
  3 bats
  2 hobgoblins
  A quokka (D:2)
  2 ball pythons
  6 goblins (D:1)
  2 kobolds
  6 rats
25 creatures vanquished.

Notes
Turn   | Place    | Note
-------+----------+-------------------------------------------
     0 | D:1      | Icepheonix32 the Demonspawn Fighter began the quest for the
                  | Orb.
     0 | D:1      | Reached XP level 1. HP: 18/18 MP: 1/1
   246 | D:1      | Found a faded altar of an unknown god.
   332 | D:1      | Gained mutation: You have a small tail. [demonic ancestry]
   332 | D:1      | Reached XP level 2. HP: 18/24 MP: 2/2
   857 | D:2      | Gained mutation: A meltable shield of frost defends you.
                  | (SH +4) [demonic ancestry]
   857 | D:2      | Reached XP level 3. HP: 28/29 MP: 3/3
   889 | D:2      | Noticed Natasha
   918 | D:2      | Killed Natasha
  1058 | D:2      | Noticed Natasha
  1068 | D:2      | Slain by a white imp

Illustrated notes

Levels and vault maps discovered:
D:1:      scummos_arrival_star, layout_basic, shapermc_ecumenical_altar_petra,
          minmay_pentomino_r2
D:2:      layout_loops_ring, uniq_natasha, uniq_crazy_yiuf_cottage

Skill      XL: |  1  2  3 |
---------------+----------+-----
Long Blades    | 2 |  2.0
Armour         | 3 |  3.2
Shields        | 3 |  3.2
Fighting       | |  3.7
Dodging        | |  0.1

Action                   || total
-------------------------++-------
Melee: Long sword        ||    92
       Tailslap          ||     3
  Use: Potion            ||     2
Armor: Scale mail        ||    44
Dodge: Dodged            ||    46
Block: Buckler           ||    38
